 Dungeon Crawl Stone Soup version 0.21-a0-94-gdd6ab6a (webtiles) character file.

6 Lavandula the Vexing (level 1, 15/15 HPs)
             Began as a Mummy Arcane Marksman on July 2, 2017.
             Quit the game on level 2 of the Dungeon.
             The game lasted 00:01:39 (252 turns).

Lavandula the Vexing (Mummy Arcane Marksman)         Turns: 252, Time: 00:01:40

Health: 15/15      AC:  4    Str: 13    XL:     1   Next: 75%
Magic:  1/2        EV: 12    Int: 12    God:
Gold:   37         SH:  0    Dex: 12    Spells: 1/2 levels left

rFire    x . .     SeeInvis .   b - -3 dagger (curse)
rCold    + . .     Gourm    .   (no shield)
rNeg     + + +     Faith    .   e - +0 robe
rPois    ∞         Spirit   .   (no helmet)
rElec    .         Reflect  .   (no cloak)
rCorr    .         Harm     .   j - +1 pair of gloves
MR       .....                  (no boots)
Stlth    +.........             (no amulet)
HPRegen  0.05/turn              (no ring)
MPRegen  0.08/turn              (no ring)

@: no status effects
A: no food or potions, fire vulnerability, cold resistance 1, negative energy
resistance 3, torment resistance, unbreathing
a: no special abilities


You were on level 2 of the Dungeon.
You were not hungry.

You visited 1 branch of the dungeon, and saw 3 of its levels.

You collected 37 gold pieces.

Inventory:

Hand Weapons
 a - a +0 hand crossbow
 b - a cursed -3 dagger (weapon)
 h - a +0 hand axe
 i - a cursed -1 short sword
Missiles
 d - 16 bolts
Armour
 e - a +0 robe (worn)
 j - a +1 pair of gloves (worn)
Books
 c - a book of Debilitation

   Spells                             Type                      Level
   a - Corona                         Hexes                        1
   b - Slow                           Hexes                        2
   c - Inner Flame                    Hexes/Fire                   3
   d - Portal Projectile              Hexes/Translocation          3
   e - Cause Fear                     Hexes                        4
   f - Leda's Liquefaction            Hexes/Earth                  4


   Skills:
 - Level 1.0 Fighting
 + Level 2.0 Crossbows
 - Level 1.5 Dodging
 - Level 1.4 Spellcasting
 - Level 2.7 Hexes


You had one spell level left.
You knew the following spells:

 Your Spells              Type           Power        Failure   Level  Hunger
a - Corona                Hex            #......      10%         1    N/A

Dungeon Overview and Level Annotations

Branches:
Dungeon (3/15)

Altars:


Innate Abilities, Weirdness & Mutations

You do not eat or drink.
Your flesh is vulnerable to fire.
You are immune to poison.
Your flesh is cold resistant. (rC+)
You are immune to negative energy. (rN+++)
You are immune to unholy pain and torment.
You can survive without breathing.


Message History

Wield which item (- for none, * to show all)? (? for menu, Esc to quit)
It sticks to your hand!
b - a cursed -3 dagger (weapon)
The bat misses you.
You hit the bat.
The bat is severely wounded.
The bat closely misses you.
You hit the bat.
You kill the bat!
Your Crossbows skill increases to level 2!
As you read the scroll labeled JUETO JOTUFFIUM, it crumbles to dust.
You feel strangely unstable.
It was a scroll of teleportation.
As you read the scroll labeled NUKHYE ZADY, it crumbles to dust.
The air around you briefly surges with heat, but it dissipates.
It was a scroll of immolation.
As you read the scroll labeled BYUFAGGYAPAM, it crumbles to dust.
It is a scroll of identify.
i - a cursed -1 short sword Your surroundings suddenly seem different.
Are you sure you want to abandon this character and quit the game? (Confirm with "yes".)

.# ...
.................. .##
....#.#..####.##.######
..# #....#.#..# #.##<#
#.###....#.#..####.####
...##....#.........#
...##....#.........#
....#....#.........#
..#.#....#.......(.#
..#......#......@..#
..##...............#
.....>...##....†..##
######...##.......#
######.......#
#.......# #.......#
#########


There were no monsters in sight!

Vanquished Creatures
  2 bats (D:2)
  A goblin (D:1)
  A kobold (D:2)
  A ball python (D:1)
  A rat (D:2)
6 creatures vanquished.

Notes
Turn   | Place    | Note
-------+----------+-------------------------------------------
     0 | D:1      | Lavandula the Mummy Arcane Marksman began the quest for the Orb.
     0 | D:1      | Reached XP level 1. HP: 15/15 MP: 2/2
   252 | D:2      | Quit the game

Vault maps used:
D:1:      dpeg_arrival_radiant, serial_bayou_ford_a, nrook_mini_vaults,
          kennysheep_nondescript
D:2:      cheibriados_altar_1
D:3:      uniq_crazy_yiuf_cottage, uniq_natasha

Skill      XL: |  1 |
---------------+----+-----
Crossbows      | 2 |  2.0
Fighting       | |  1.0
Dodging        | |  1.5
Spellcasting   | |  1.4
Hexes          | |  2.7

Action                   || total
-------------------------++-------
Melee: Dagger            ||     2
 Fire: Hand crossbow     ||    11
 Cast: Corona            ||     3
  Use: Scroll            ||     3
Dodge: Dodged            ||     3
